Map: Frostline LE

Players

NeilDeLeo

  • Race: Terran Terran
  • League: Silver
  • Spawn Location: 1:00

nafhion - Winner!

  • Race: Zerg Zerg
  • Spawn Location: 7:00

VOD

Have the link to the VOD?

Description

rush

Time

  • Played on: March 12, 2025, 11:15 p.m.
  • Length: 6:16
Show
View Real Time Build Order
Export as new Build Order

NeilDeLeo Terran 

Build Orders:  

Get SALT Encoding   

  12  0:00  SCV  
  13  0:17  Supply Depot  
  13  0:25  SCV  
  14  0:40  Supply Depot  
  14  0:57  Refinery, Barracks  
  14  1:03  Refinery  
  14  1:15  SCV  
  14  1:16  Refinery  
  15  1:31  Barracks  
  15  1:45  SCV  
  15  1:46  Marine  
  17  1:57  SCV  
  18  2:05  Factory  
  18  2:06  Marine  
  18  2:24  Marine  
  18  2:25  Marine  
  19  2:42  Marine  
  20  2:46  Marine  
  21  2:56  Factory Tech Lab  
  18  3:00  Marine  
  18  3:04  Marine  
  13  3:26  Marine x2  
Show
View Real Time Build Order
Export as new Build Order

nafhion Zerg - Winner!

Build Orders: Hatch First 

Get SALT Encoding   

  12  0:08  Drone  
  13  0:14  Overlord  
  13  0:45  Hatchery  
  12  0:51  Drone  
  13  1:01  Spawning Pool  
  12  1:10  Extractor  
  11  1:48  Zergling x4  
  11  1:49  Zergling x2  
  14  1:58  Zergling x2  
  15  2:04  Zergling x2  
  16  2:18  Zergling x4, Hatchery  
  17  2:30  Zergling x2  
  17  2:35  Drone x2  
  17  2:36  Drone  
  20  2:50  Zergling x2  
  18  3:08  Zergling x4  
  17  3:17  Zergling x4  
  17  3:18  Zergling x2  
  18  3:30  Lair  
  18  3:34  Zergling x6  
  19  3:45  Zergling x4  
  21  3:52  Zergling x2  
  19  4:25  Zergling x6  
  19  4:31  Drone x3  
  25  4:52  Drone  
  26  4:55  Overlord  
  26  5:03  Zergling x2  
  27  5:20  Drone x2  
  29  5:55  Hydralisk Den  
  28  5:59  Infestation Pit  
Tags
 
League
Silver
Matchup
TvZ
Spawn Locations
Cross Positions
Add a new tag
Caveats
  • Supply blocks, unpowered buildings, or Contaminate may cause inaccurate times.
  • Supply counts are checked every 10 seconds.